 Dungeon Crawl Stone Soup version 0.30-a0-1066-g63dfefce0d (webtiles) character file.

Game seed: 7426256980164166588

153 Ge0ff the Trooper (level 5, -1/55 HPs)
             Began as an Ogre Chaos Knight on Apr 12, 2023.
             Killed from afar by a smoke demon (18 damage)
             ... with a ball of steam
             ... summoned by Xom
             ... on level 2 of the Dungeon.
             The game lasted 00:03:46 (1384 turns).

Ge0ff the Trooper (Ogre Chaos Knight)               Turns: 1384, Time: 00:03:46

Health: -1/55      AC:  5    Str: 18    XL:     5   Next: 35%
Magic:  5/5        EV:  9    Int: 13    God:
Gold:   87         SH:  0    Dex:  8    Spells: 4/4 levels left

rFire   . . .      SeeInvis .    a - +0 spear (chaos)
rCold   . . .      Faith    .    (no shield)
rNeg    . . .      Spirit   .    i - +2 robe
rPois   .          Reflect  .    (helmet restricted)
rElec   .          Rampage  .    (no cloak)
rCorr   .                        (gloves unavailable)
Will    .....                    (boots unavailable)
Stlth   +                        (no amulet)
HPRegen 0.29/turn                (no ring)
MPRegen 0.09/turn                (no ring)

@: no status effects
A: large, unfitting armour, tough skin 1
a: no special abilities


You were on level 2 of the Dungeon.
You visited 1 branch of the dungeon, and saw 2 of its levels.

You collected 87 gold pieces.

Inventory:

Hand Weapons
 a - a +0 spear of chaos (weapon)
 b - a +0 spear
 w - a +0 dagger of speed
 x - a +1 flail of protection
Missiles
 g - 17 stones
Armour
 i - a +2 robe (worn)
Magical Staves
 h - a staff of air
Scrolls
 d - 2 scrolls of identify {unknown}
 e - a scroll of teleportation {unknown}
 j - a scroll of summoning {unknown}
 k - a scroll of blinking {unknown}
 y - a scroll of acquirement {unknown}
Potions
 f - a potion of brilliance {unknown}
 z - a potion of attraction {unknown}
Miscellaneous
 c - a piece from Xom's chessboard (14/15)


   Skills:
 + Level 4.9 Fighting
 * Level 4.3 Polearms
 - Level 2.1 Dodging
 + Level 1.5 Stealth
 + Level 1.5 Evocations


You had 4 spell levels left.
You didn't know any spells.
Your spell library contained the following spells:

 Spells                   Type           Power      Damage    Failure   Level
 Apportation              Tloc           0%         N/A       30%         1
 Hailstorm                Conj/Ice       0%         3d3       67%         3
 Ice Form                 Ice/Tmut       0%         N/A       97%         4
 Alistair's Intoxication  Tmut/Pois      0%         N/A       100%        5
 Simulacrum               Ice/Necr       0%         N/A       100%        6


Dungeon Overview and Level Annotations

Branches:
Dungeon (2/15) Zot: 10631

Altars:


Innate Abilities, Weirdness & Mutations

You are too large for most types of armour.
You have tough skin. (AC +1)


Message History

You reach to attack!
You hit the gnoll.
The gnoll is poisoned.
The gnoll is moderately wounded.
Your goblin zombie hits the gnoll.
The gnoll hits you from afar with a +0 spear.
You reach to attack!
You hit the gnoll. You burn the gnoll.
The gnoll is almost dead.
Your goblin zombie completely misses the gnoll.
The gnoll hits you from afar with a +0 spear.
You reach to attack!
You hit the gnoll. You burn the gnoll.
You kill the gnoll!
You reach to attack!
You hit the gnoll. Lightning courses through the gnoll!
The gnoll is severely wounded.
Your goblin zombie barely misses the gnoll.
You closely miss the gnoll.
The gnoll is severely wounded.
Your goblin zombie closely misses the gnoll.
You closely miss the gnoll.
The gnoll is severely wounded.
The gnoll hits you with a +0 flail!
Your goblin zombie hits the gnoll but does no damage.
You puncture the gnoll!
You kill the gnoll! "Time to have some fun!"
Your piece from Xom's chessboard (14/15) has regained one charge.
You closely miss the chaos spawn.
Your goblin zombie hits the chaos spawn.
You closely miss the chaos spawn.
The chaos spawn is lightly wounded.
The ufetubus hits your goblin zombie. x2
A gnoll comes into view. It is wielding a +0 club.
Your goblin zombie closely misses the ufetubus.
The chaos spawn attacks as you move away!
The chaos spawn gores you but does no damage.
The crimson imp attacks as you move away!
The crimson imp hits you.
The smoke demon attacks as you move away!
The smoke demon barely misses you. x2
The smoke demon hits you but does no damage.
The shadow imp misses you. The ufetubus hits your goblin zombie.
Your goblin zombie is destroyed!
The shadow imp closely misses you. The hellwing hits you!
The hellwing hits you. The shadow imp closely misses you.
The ynoxinul gestures.
You see here an adder corpse.
The shadow imp hits you.
The hellwing swoops through the air toward you!
The hellwing hits you. x2
The smoke demon gestures at you. The ball of steam hits you!!
You die...

#.# #.#.# #.#.#
####.#.#
....#.# #
#..#.# #
#.5#.## #
####..55.## #
#5g354ยง@..####
##
#5#553554......
.#
#.#.555...#####
.# #.#..#...##
.# #.#..##....#
.####
#.#..#####.#
..... gg#..#
..# #####
###..# ..# #..#
..


You could see a hellwing (summoned), a smoke demon (summoned), a ynoxinul
(summoned), a chaos spawn (summoned), 2 iron imps, a gnoll, a crimson imp
(summoned), 2 white imps, 4 shadow imps and 4 ufetubi.

Vanquished Creatures
  6 adders (D:2)
  5 gnolls (D:2)
  4 ball pythons
  6 bats
  4 endoplasms
  5 goblins
  4 hobgoblins
  3 jackals (D:1)
  6 kobolds
  2 quokkas (D:1)
  3 rats (D:1)
48 creatures vanquished.

Vanquished Creatures (others)
  A goblin zombie (D:2)
1 creature vanquished.

Grand Total: 49 creatures vanquished

Notes
Turn   | Place    | Note
-------+----------+-------------------------------------------
     0 | D:1      | Ge0ff the Ogre Chaos Knight began the quest for the Orb.
     0 | D:1      | Reached XP level 1. HP: 24/24 MP: 1/1
     0 | D:1      | Fell from the grace of Xom
     3 | D:1      | Noticed a spriggan
     3 | D:1      | Noticed a tengu
     5 | D:1      | Noticed a ghoul
     5 | D:1      | Noticed an ogre
     7 | D:1      | Noticed an armataur
     9 | D:1      | Noticed a minotaur
     9 | D:1      | Noticed a formicid
    13 | D:1      | Noticed a draconian
    13 | D:1      | Noticed an octopode
    15 | D:1      | Noticed a vampire
    15 | D:1      | Noticed a meteoran
    17 | D:1      | Noticed a felid
    17 | D:1      | Noticed a demonspawn
    19 | D:1      | Noticed a gargoyle
    19 | D:1      | Noticed a vine stalker
    21 | D:1      | Noticed an elf
    21 | D:1      | Noticed a human
    23 | D:1      | Noticed a troll
    23 | D:1      | Noticed a merfolk
    26 | D:1      | Noticed a demigod
    28 | D:1      | Noticed a demonspawn
    28 | D:1      | Noticed a formicid
    54 | D:1      | Reached XP level 2. HP: 26/32 MP: 2/2
   407 | D:1      | Reached XP level 3. HP: 39/39 MP: 3/3
   736 | D:2      | Reached skill level 1 in Stealth
   769 | D:2      | Reached skill level 1 in Evocations
   778 | D:2      | Reached XP level 4. HP: 34/49 MP: 4/4
  1112 | D:2      | XOM: god gift: 46 gold pieces
  1142 | D:2      | Found a faded altar of an unknown god.
  1284 | D:2      | Reached XP level 5. HP: 48/55 MP: 5/5
  1380 | D:2      | XOM: summons 14 hostile demons
  1381 | D:2      | Noticed a chaos spawn
  1381 | D:2      | Noticed a hellwing
  1381 | D:2      | Noticed a ynoxinul
  1381 | D:2      | Noticed a smoke demon
  1384 | D:2      | Killed from afar by a smoke demon

Illustrated notes

Levels and vault maps discovered:
D:1:      kb_arrival_jail, layout_rooms, minmay_cupped
D:2:      layout_loops_ring, basic_altar, chequers_ecumenical_altar_simple_redux

Skill      XL: |  1  2  3  4 |
---------------+-------------+-----
Stealth        | 1 |  1.5
Evocations     | 1 |  1.5
Polearms       | 4 |  4.3
Fighting       | |  4.9
Dodging        | |  2.1

Action                     |  1- 3 |  4- 6 || total
---------------------------+-------+-------++-------
  Melee: Spear             |   116 |    73 ||   189
         Punch             |     1 |       ||     1
 Invoke: Renounce Religion |     1 |       ||     1
  Evoke: Piece from Xom's  |     1 |     4 ||     5
   Stab: Petrified         |       |    10 ||    10
         Sleeping          |       |     2 ||     2
         Distracted        |       |     1 ||     1
 Armour: Robe              |    27 |    25 ||    52
  Dodge: Dodged            |    35 |    28 ||    63

Table legend: (Time is in decaauts)
 A = Elapsed time spent in this place.
 B = Non-inter-level travel time spent in this place.
 C = Inter-level travel time spent in this place.
 D = Time resting spent in this place.
 E = Time spent auto-exploring this place.
 F = Levels seen in this place.
 G = Mean time per level.
                   A        B        C        D        E       F      G
               +--------+--------+--------+--------+--------+-----+--------+
         Total |   1368 |   1350 |     18 |      0 |    905 |   2 |  684.0 |
       Dungeon |   1368 |   1350 |     18 |      0 |    905 |   2 |  684.0 |
               +--------+--------+--------+--------+--------+-----+--------+

Top non-repeatable levels by time:
     D:2: 744 daAuts
     D:1: 623 daAuts
